 Dungeon Crawl Stone Soup version 0.29.1-2-gbd0b4ee654 (console) character file.

Game seed: 8839185577863024173

10887 Goreval the Martial Artist (level 11, -4/84 HPs)
             Began as a Merfolk Transmuter on Nov 15, 2022.
             Was a Priest of Okawaru.
             Slain by a vampire (7 damage)
             ... on level 11 of the Dungeon.
             The game lasted 01:05:05 (13263 turns).

Goreval the Martial Artist (Merfolk Transmuter)    Turns: 13263, Time: 01:05:06

Health: -4/84      AC: 10    Str: 10    XL:     11   Next: 69%
Magic:  20/20      EV: 14    Int: 16    God:    Okawaru [***...]
Gold:   778        SH:  0    Dex: 16    Spells: 8/23 levels left

rFire   . . .      SeeInvis .     - Unarmed
rCold   . . .      Faith    .   (no shield)
rNeg    . . .      Spirit   .   m - +0 leather armour
rPois   .          Reflect  .   o - +0 helmet
rElec   .          Harm     .   (no cloak)
rCorr   .          Rampage  .   n - +0 pair of gloves
Will    .....                   r - +0 pair of boots
Stlth   +.........              (no amulet)
HPRegen 0.24/turn               j - ring of wizardry
MPRegen 0.17/turn               l - +4 ring of protection

@: about to teleport, wereblooded (expiring)
A: (nimble swimmer 2), mertail
a: Renounce Religion, Heroism


You were on level 11 of the Dungeon.
You worshipped Okawaru.
Okawaru was most pleased with you.
You visited 2 branches of the dungeon, and saw 12 of its levels.

You collected 778 gold pieces.

Inventory:

Missiles
 i - 90 stones
 w - a throwing net
Armour
 m - a +0 leather armour (worn)
 n - a +0 pair of gloves (worn)
 o - a +0 helmet (worn)
 r - a +0 pair of boots (worn)
 F - the +1 ring mail "Joymp" {Dex+3 SInv}
   (You found it on level 7 of the Dungeon)

   Dex:       It affects your dexterity (+3).
   SInv:      It lets you see invisible.
 M - a +2 ring mail of poison resistance
Magical Staves
 A - a staff of cold
Jewellery
 a - a ring of willpower
 c - an amulet of faith
 j - a ring of wizardry (left hand)
 l - a +4 ring of protection (right hand)
 p - a ring of positive energy
 z - a ring of willpower
 D - a ring of fire
 H - a ring of poison resistance
 N - a ring of wizardry
 O - a ring of magical power
 R - a ring of resist corrosion
Wands
 h - a wand of charming (27)
 C - a wand of light (15)
Scrolls
 d - a scroll of identify
 f - a scroll of fog {unknown}
 g - a scroll of poison
 q - 2 scrolls of vulnerability
 s - a scroll of amnesia
 t - 3 scrolls of teleportation
 u - a scroll of blinking {unknown}
 y - a scroll of brand weapon {unknown}
 E - a scroll of noise {unknown}
 K - a scroll of magic mapping {unknown}
 L - 2 scrolls of enchant weapon {unknown}
 Q - a scroll of immolation {unknown}
Potions
 b - 2 potions of lignification
 k - 2 potions of resistance
 v - 2 potions of cancellation
 x - a potion of brilliance
 B - 2 potions of haste
 G - a potion of attraction
 P - a potion of mutation


   Skills:
 + Level 7.6 Fighting
 + Level 5.7 Dodging
 * Level 11.2 Unarmed Combat
 + Level 6.5 Spellcasting
 + Level 11.2 Transmutations
 + Level 4.1 Ice Magic
 - Level 6.0 Poison Magic
 * Level 3.3 Invocations


You had 8 spell levels left.
You knew the following spells:

 Your Spells              Type           Power      Damage    Failure   Level
a - Beastly Appendage     Tmut           82%        N/A       1%          1
b - Wereblood             Tmut           41%        N/A       1%          2
c - Spider Form           Tmut/Pois      32%        N/A       1%          3
d - Ice Form              Ice/Tmut       29%        N/A       3%          4
e - Poisonous Vapours     Pois/Air       28%        N/A       3%          2
f - Frozen Ramparts       Ice            36%        1d6       4%          3

Your spell library contained the following spells:

 Spells                   Type           Power      Damage    Failure   Level
 Freeze                   Ice            72%        1d9       1%          1
 Alistair's Intoxication  Tmut/Pois      21%        N/A       6%          5
 Magic Dart               Conj           20%        1d4       8%          1
 Mephitic Cloud           Conj/Pois/Air  11%        N/A       10%         3
 Static Discharge         Conj/Air       5%         3-4/arc   11%         2
 Sublimation of Blood     Necr           5%         N/A       11%         2
 Hailstorm                Conj/Ice       11%        3d5       28%         4
 Corpse Rot               Necr/Pois/Air  11%        N/A       30%         4
 Eringya's Noxious Bog    Tmut/Pois      16%        N/A       32%         6
 Fulminant Prism          Conj/Hex       2%         3d6       54%         4
 Iskenderun's Mystic Bla  Conj/Tloc      5%         2d3       54%         4
 Borgnjor's Vile Clutch   Necr/Erth      2%         N/A       86%         5
 Lee's Rapid Deconstruct  Erth           2%         3d6*      86%         5
 Lightning Bolt           Conj/Air       2%         1d14      86%         5
 Maxwell's Capacitive Co  Air            2%         ∞         100%        8
 Call Imp                 Summ           Unusable   N/A       N/A         2
 Summon Hydra             Summ           Unusable   N/A       N/A         7

Dungeon Overview and Level Annotations

Branches:
Dungeon (11/15)            Temple (1/1) D:5            Lair (0/5) D:10
    Orc (0/2) D:10

Altars:
Ashenzari
Cheibriados
Dithmenos
Elyvilon
Fedhas
Gozag
Hepliaklqana
Kikubaaqudgha
Makhleb
Nemelex Xobeh
Okawaru
Qazlal
Ru
Sif Muna
Trog
Uskayaw
Vehumet
Wu Jian
Xom
Yredelemnul
Zin
The Shining One

Shops:
D:1 (   D:9 (


Innate Abilities, Weirdness & Mutations

((You are very nimble when in or above water. (Stealth+, EV+, Speed+++)))
Your lower body shifts to a powerful aquatic tail in water.


Message History

* * * LOW HITPOINT WARNING * * *
Something draws strength from your injuries!
The orc warrior hits you with a +0 scimitar!
* * * LOW HITPOINT WARNING * * *
The orc hits you but does no damage.
Okay, then.
You are too confused!
You feel better.
You feel less invigorated. Something hits you but does no damage.
Something bites you.
* * * LOW HITPOINT WARNING * * *
Something draws strength from your injuries!
The orc warrior hits you with a +0 scimitar.
* * * LOW HITPOINT WARNING * * *
The orc barely misses you.
Okay, then.
As you read the scroll of fear, it crumbles to dust.
You assume a fearsome visage.
The orc looks frightened! x2; The orc warrior looks frightened!
The orc looks frightened! x2
Your primal bloodlust is almost over.
Something hits you but does no damage. Something bites you.
* * * LOW HITPOINT WARNING * * *
Something draws strength from your injuries!
As you read the scroll of teleportation, it crumbles to dust.
You feel strangely unstable.
You howl as the wereblood boils in your veins!
Something hits you but does no damage. Something barely misses you.
The orc warrior cries, "Mercy!"
Cornered, the orc warrior turns to fight!
Cornered, the orc turns to fight!
Okay, then.
Okay, then.
Okay, then.
Okay, then.
Okay, then.
You punch the orc warrior!
You feel a bit better.
You kill the orc warrior!
Okawaru accepts your kill.
The orc starts to cry.
Something hits you!
* * * LOW HITPOINT WARNING * * *
Something bites you!
You die...

#..# ##########.##
#...........#
#...........#
#...........#
#...........###
#...........#.o
####...........#.#
#..............#.#
#..##......)....#.#
#. #...........#.#
# #...........#.#
#.............#
#...........###
#...........#
###.######### #..#
####.########
#)..........#
#.#######)#.#
#.#..V.).)#.#
###)#######.#
#....{@)#...#
#.#.###.#####
#.#...#oooo.# #
#########.#
########.
#.########........
#.)....o...#######
#...##########
#####


You could see an orc warrior (wandering) and 2 orcs.

Vanquished Creatures
  An unseen horror zombie (D:8)
  3 trolls
  3 hornets
  2 shadows (D:11)
  16 yaks
  2 wyverns
  A steam dragon (D:9)
  Menkaure (D:4)
  2 water moccasins (D:5)
  An ice beast (D:6)
  12 orc warriors
  4 black bears
  2 ogres
  10 centaurs
  7 kobold brigands
  5 bullfrogs
  4 necrophages
  6 scorpions
  2 wyvern zombies (D:8)
  7 killer bees
  5 howler monkeys
  2 centaur zombies (D:8)
  2 gnoll boudas
  7 hounds
  6 orc priests
  6 jellies
  4 iguanas
  14 orc wizards
  A killer bee zombie (D:8)
  A hound skeleton (D:5)
  2 howler monkey zombies (D:8)
  Robin (D:3)
  9 gnolls
  5 adders
  A shadow imp (D:7)
  2 ufetubi
  A worm (D:3)
  3 dart slugs
  76 orcs
  8 ball pythons
  5 bats
  20 endoplasms
  4 giant cockroaches
  17 goblins
  13 hobgoblins
  4 jackals
  2 quokkas (D:3)
  2 frilled lizards (D:3)
  27 kobolds
  4 rats
345 creatures vanquished.

Vanquished Creatures (others)
  5 fungi (D:2)
  9 toadstools (D:2)
14 creatures vanquished.

Grand Total: 359 creatures vanquished

Notes
Turn   | Place    | Note
-------+----------+-------------------------------------------
     0 | D:1      | Goreval the Merfolk Transmuter began the quest for the Orb.
     0 | D:1      | Reached XP level 1. HP: 15/15 MP: 3/3
   118 | D:1      | Reached XP level 2. HP: 21/21 MP: 5/5
   501 | D:1      | Found Imac's Weapon Emporium.
   523 | D:1      | Reached XP level 3. HP: 19/26 MP: 4/6
   526 | D:1      | Learned a level 2 spell: Wereblood
   530 | D:1      | Learned a level 3 spell: Spider Form
  1464 | D:2      | Reached XP level 4. HP: 28/33 MP: 3/7
  1633 | D:2      | Reached skill level 1 in Poison Magic
  1633 | D:2      | Reached XP level 5. HP: 38/38 MP: 4/8
  2221 | D:3      | Found a faded altar of an unknown god.
  2339 | D:3      | Noticed Robin
  2366 | D:3      | Killed Robin
  2468 | D:3      | Found a bloodstained altar of Trog.
  3000 | D:3      | Noticed a black bear
  3009 | D:3      | Killed a black bear
  3010 | D:3      | Reached XP level 6. HP: 36/46 MP: 5/10
  3175 | D:3      | Learned a level 4 spell: Ice Form
  3284 | D:4      | Reached skill level 5 in Unarmed Combat
  3284 | D:4      | Reached skill level 5 in Transmutations
  3483 | D:4      | Noticed a black bear
  3499 | D:4      | Killed a black bear
  3500 | D:4      | Reached XP level 7. HP: 42/51 MP: 7/11
  3806 | D:4      | Noticed Menkaure
  3815 | D:4      | Killed Menkaure
  4117 | D:5      | Entered Level 5 of the Dungeon
  4220 | D:5      | Reached XP level 8. HP: 45/58 MP: 10/13
  4430 | D:5      | Found a staircase to the Ecumenical Temple.
  4492 | D:5      | Found a burning altar of Makhleb.
  4551 | D:5      | Found a broken altar of Ashenzari.
  5328 | Temple   | Entered the Ecumenical Temple
  5534 | D:6      | Noticed a wyvern
  5548 | D:6      | Killed a wyvern
  5549 | D:6      | Reached XP level 9. HP: 8/66 MP: 9/15
  5809 | D:6      | Learned a level 2 spell: Poisonous Vapours
  6207 | D:6      | Reached skill level 5 in Fighting
  6652 | D:6      | Reached skill level 1 in Ice Magic
  7184 | D:7      | Found a shimmering altar of Xom.
  7258 | D:7      | Noticed a hornet
  7266 | D:7      | Killed a hornet
  7537 | D:7      | Identified the +1 ring mail "Joymp" {Dex+3 SInv}
  7848 | D:8      | Reached skill level 5 in Poison Magic
  7851 | D:8      | Reached skill level 5 in Spellcasting
  7851 | D:8      | Reached XP level 10. HP: 66/74 MP: 14/17
  8826 | D:8      | Found a basalt altar of Yredelemnul.
  9370 | D:9      | Reached skill level 10 in Transmutations
  9637 | D:9      | Found an iron altar of Okawaru.
  9642 | D:9      | Became a worshipper of Warmaster Okawaru
  9709 | D:9      | Reached skill level 10 in Unarmed Combat
  9748 | D:9      | Found Suunil's Antique Weapon Shop.
 10284 | D:9      | Noticed a gargoyle
 10291 | D:9      | Learned a level 3 spell: Frozen Ramparts
 10457 | D:9      | Paralysed by a hornet for 2 turns
 10460 | D:10     | Entered Level 10 of the Dungeon
 10464 | D:10     | Reached * piety under Okawaru
 10866 | D:9      | Reached XP level 11. HP: 84/84 MP: 17/20
 11296 | D:10     | Found a staircase to the Lair.
 11398 | D:10     | Reached skill level 5 in Dodging
 11619 | D:10     | Found a staircase to the Orcish Mines.
 11666 | D:10     | Reached skill level 1 in Invocations
 11680 | D:10     | Reached ** piety under Okawaru
 12775 | D:11     | Reached *** piety under Okawaru
 13263 | D:11     | HP: 3/84 [something (8)]
 13263 | D:11     | Slain by a vampire

Illustrated notes

Levels and vault maps discovered:
D:1:      arrival_zaba_pyramid, layout_basic, serial_shops, nicolae_shop_trees
D:2:      cheibrodos_fertilizer, layout_basic
D:3:      layout_basic, trog_butcher_becter, ebering_ecumenical_altar_mist,
          uniq_robin
D:4:      minmay_spotlight, layout_rooms, uniq_menkaure
D:5:      layout_rooms, makhleb_blood_cavern_becter,
          cheibrodos_ashenzari_chains, minmay_temple_entry_sparse_star,
          serial_rivers, chequers_serial_rivers_small_3,
          chequers_serial_rivers_micro_a, chequers_serial_rivers_large_b,
          chequers_serial_rivers_micro_c, kennysheep_generic_room_6
D:6:      layout_basic, kennysheep_generic_room_7
D:7:      layout_cave_pools, mainiacjoe_overflow_24_doors
D:8:      layout_loops_ring, nicolae_yredelemnul_corpse_copse, serial_aquarium,
          aquarium_bridge_square [aquarium_subvault_wall,
          aquarium_subvault_bridge, aquarium_subvault_window,
          aquarium_subvault_bridge], aquarium_window_1, aquarium_window_fake,
          aquarium_window_fake, aquarium_view_2c, aquarium_view_2a,
          aquarium_pool_split, dk_vineyard_2
D:9:      layout_roguey [special_room_orc], okawaru_ov_weapons_minmay,
          serial_shops, shop, minmay_increasing_density
D:10:     layout_roguey, lair_entry_dummy, hiddenorc1_lemuel, feat_on_display
D:11:     layout_roguey [special_room_orc], serial_shops, nicolae_shop_trees,
          minmay_librarian, uniq_lodul
Temple:   eino_temple_scatter_basement

Skill      XL: |  1  2  3  4  5  6  7  8  9 10 11 |
---------------+----------------------------------+-----
Transmutations | 3 4 5 6 8 9 10 11 | 11.2
Dodging        | 3 4 5 |  5.7
Unarmed Combat | 4 5 6 7 8 10 11 | 11.2
Fighting       | 2 3 4 5 7 |  7.6
Poison Magic   | 1 2 3 5 6 |  6.0
Spellcasting   | 3 4 5 6 |  6.5
Ice Magic      | 2 3 4 |  4.1
Invocations    | 3 |  3.3

Action                   |  1- 3 |  4- 6 |  7- 9 | 10-12 || total
-------------------------+-------+-------+-------+-------++-------
Melee: Unarmed           |    92 |   193 |   299 |   489 ||  1073
       Headbutt          |    16 |    18 |    40 |    16 ||    90
       Punch             |     4 |     5 |     7 |    10 ||    26
Throw: Stone             |     3 |    14 |     3 |       ||    20
 Cast: Beastly Appendage |    19 |    17 |    23 |     6 ||    65
       Wereblood         |     2 |     5 |     9 |    22 ||    38
       Spider Form       |     1 |     4 |    15 |    30 ||    50
       Poisonous Vapours |       |       |    28 |    49 ||    77
       Ice Form          |       |       |       |     3 ||     3
       Frozen Ramparts   |       |       |       |     2 ||     2
Invok: Heroism           |       |       |       |     1 ||     1
  Use: Scroll            |       |       |     5 |    14 ||    19
       Potion            |       |       |     3 |     4 ||     7
Armor: Robe              |    13 |       |       |       ||    13
       Leather armour    |     2 |    49 |    62 |    58 ||   171
       Skin              |       |     6 |    11 |    44 ||    61
Dodge: Dodged            |    54 |   108 |   220 |   379 ||   761
